 Dungeon Crawl Stone Soup version 0.26.0-10-g1f06aea511 (webtiles) character file.

Game seed: 10263154471880731167

153 MisterOstroum the Caller (level 5, -3/38 HPs)
             Began as a Formicid Summoner on Jan 14, 2021.
             Was an Initiate of Gozag.
             Slain by a hellwing (10 damage)
             ... summoned by a kobold demonologist
             ... on level 3 of the Dungeon.
             The game lasted 00:13:03 (1215 turns).

MisterOstroum the Caller (Formicid Summoner)        Turns: 1215, Time: 00:13:03

Health: -3/38      AC:  5    Str: 13    XL:     5   Next: 61%
Magic:  6/9        EV: 12    Int: 15    God:    Gozag
Gold:   37         SH:  0    Dex: 11    Spells: 4/10 levels left

rFire    . . .     SeeInvis +   b - +0 halberd
rCold    . . .     Faith    .   (no shield)
rNeg     . . .     Spirit   .   c - +1 leather armour
rPois    .         Reflect  .   (helmet unavailable)
rElec    .         Harm     .   (no cloak)
rCorr    .         Rampage  .   m - +0 pair of gloves
Will     .....                  (no boots)
Stlth    ++........             (no amulet)
HPRegen  0.12/turn              (no ring)
MPRegen  0.11/turn              (no ring)

@: no status effects
A: permanent stasis, dig shafts and tunnels, four strong arms, antennae 3
a: Dig, Shaft Self, Renounce Religion, Potion Petition, Call Merchant, Bribe
Branch


You were on level 3 of the Dungeon.
You worshipped Gozag.
Gozag was noncommittal.
You visited 1 branch of the dungeon, and saw 3 of its levels.

You collected 37 gold pieces.

Inventory:

Hand Weapons
 a - a +1 mace
 b - a +0 halberd (weapon)
 g - a +0 dagger
 i - a +0 short sword
Missiles
 d - 11 stones (quivered)
Armour
 c - a +1 leather armour (worn)
 l - a +0 robe
 m - a +0 pair of gloves (worn)
Jewellery
 h - a -4 ring of protection
 o - an uncursed amulet of magic regeneration {unknown}
Wands
 q - a wand of flame (8)
Scrolls
 e - a scroll of enchant armour
 j - 2 scrolls of remove curse {@r2}
 k - 2 scrolls of enchant weapon
 n - 3 scrolls of amnesia {unknown}
 p - a scroll of immolation {unknown}
Potions
 f - 2 potions of curing


   Skills:
 - Level 2.0 Fighting
 + Level 2.6 Dodging
 - Level 2.4 Stealth
 + Level 3.1 Spellcasting
 * Level 5.2 Summonings


You had 4 spell levels left.
You knew the following spells:

 Your Spells              Type           Power        Failure   Level
a - Summon Small Mammal   Summ           68%          3%          1
b - Call Imp              Summ           17%          4%          2
c - Call Canine Familiar  Summ           17%          9%          3

Your spell library contained the following spells:

 Spells                   Type           Power        Failure   Level
 Summon Guardian Golem    Hex/Summ       10%          26%         3
 Summon Ice Beast         Ice/Summ       10%          65%         4
 Summon Lightning Spire   Summ/Air       10%          65%         4


Dungeon Overview and Level Annotations

Branches:
Dungeon (3/15)

Altars:
Gozag
Nemelex Xobeh
Sif Muna
Uskayaw
Wu Jian

Annotations:
D:3 2 transporters


Innate Abilities, Weirdness & Mutations

You cannot be hasted, slowed, berserked, paralysed or teleported.
You can dig through walls and to a lower floor.
Your four strong arms can wield two-handed weapons with a shield.
You have a pair of large antennae on your head. (SInv)


Message History

What are your orders? t - Shout!
Orders for allies: a - Attack new target. p - Attack previous target. r - Retreat! s - Stop attacking. g - Guard the area. f - Follow me.
Anything else - Cancel.
Gang up on whom?
Press: ? - help, Dir - move target, f/p - kobold demonologist
Aim: a kobold demonologist, wielding a -3 dagger and wearing a +0 robe (fire blocked by a translucent stone wall)
Okay, then.
Unknown command.
What are your orders? t - Shout!
Orders for allies: a - Attack new target. p - Attack previous target. r - Retreat! s - Stop attacking. g - Guard the area. f - Follow me.
Anything else - Cancel.
Gang up on whom?
Press: ? - help, Dir - move target, f/p - kobold demonologist
Aim: a kobold demonologist, wielding a -3 dagger and wearing a +0 robe (fire blocked by a translucent stone wall)
Okay, then.
Unknown command.
Okay, then.
Unknown command.
Unknown command.
What are your orders? t - Shout!
Orders for allies: a - Attack new target. p - Attack previous target. r - Retreat! s - Stop attacking. g - Guard the area. f - Follow me.
Anything else - Cancel.
Retreat in which direction?
Press: ? - help, Dir - move target, f - hellwing, p - kobold demonologist
Aim: a hellwing (summoned, fire blocked by a translucent stone wall)
Okay, then.
What are your orders? t - Shout!
Orders for allies: a - Attack new target. p - Attack previous target. r - Retreat! s - Stop attacking. g - Guard the area. f - Follow me.
Anything else - Cancel.
Gang up on whom?
Press: ? - help, Dir - move target, f - hellwing, p - kobold demonologist
Aim: a hellwing (summoned, fire blocked by a translucent stone wall) There's something in the way.
Okay, then.
The red devil closely misses your crimson imp.
What are your orders? t - Shout!
Orders for allies: a - Attack new target. p - Attack previous target. r - Retreat! s - Stop attacking. g - Guard the area. f - Follow me.
Anything else - Cancel.
Retreat in which direction?
Press: ? - help, Dir - move target, p - hellwing Fall back!
What are your orders? t - Shout!
Orders for allies: a - Attack new target. r - Retreat! s - Stop attacking. g - Guard the area. f - Follow me.
Anything else - Cancel.
Gang up on whom?
Press: ? - help, Dir - move target, f - hellwing
Aim: a hellwing (summoned) Attack!
A nearby plant withers and dies.
Your crimson imp disappears in a puff of smoke!
Your shadow imp closely misses the hellwing.
Reach: b) +0 halberd
Press: ? - help, Dir - move target, f/p - hellwing
Aim: a hellwing (summoned)
You could not reach far enough!
The hellwing hits your iron imp! The hellwing hits your iron imp.
Your iron imp dies!
Your shadow imp hits the hellwing but does no damage. x2
Reach: b) +0 halberd
Press: ? - help, Dir - move target, f/p - hellwing
Aim: a hellwing (summoned)
You hit the hellwing.
The hellwing is lightly wounded.
The hellwing hits you but does no damage. x2
Your shadow imp hits the hellwing but does no damage.
The hellwing hits you but does no damage.
The hellwing hits you!
You closely miss the hellwing. The red devil barely misses you.
Your shadow imp barely misses the hellwing.
The shadow imp shouts, "Embrace thy doom, thou puny fool-born nothing!"
The hellwing barely misses you. The hellwing closely misses you.
Your shadow imp hits the hellwing.
The red devil hits you from afar with a +2 demon trident of freezing!
The red devil freezes you.
* * * LOW HITPOINT WARNING * * *
You hit the hellwing.
The hellwing is lightly wounded.
The hellwing hits you but does no damage.
The hellwing closely misses you.
Your shadow imp hits the hellwing but does no damage.
The red devil barely misses you. The hellwing hits you!
You die...
Your body crumbles into a pile of gold.

.. .############ #.###
............#.....# ###
###########.#.#.#.# .#8P
....$o5#≈8#.......
#.#P.#≈≈≈≈≈≈≈#.≈#.#.#.#..
#..#$.#..≈≈≈..#..#......>.
..©#©(+..≈♣≈..45©#©).#
...#$.#..≈≈≈..#4@#..##
#..#P.#≈≈≈≈≈≈≈#.P#.##
#..#8≈#....oK5#≈8#.#
#..###############.#
#..................###.
######.................#
..........####.#########
########..# #.# ..# ##.#
#.#


You could see a hellwing (summoned), a kobold demonologist, a red devil
(summoned), 2 orc priests, 2 shadow imps and a friendly shadow imp (summoned).

Vanquished Creatures
  An orc priest (D:3)
  Natasha (D:3)
  Robin (D:3)
  An adder (D:2)
  A dart slug (D:3)
  3 bats
  2 giant cockroaches
  8 goblins (D:3)
  5 hobgoblins
  2 jackals
  2 quokkas
  5 frilled lizards
  2 kobolds (D:2)
  6 rats
40 creatures vanquished.

Vanquished Creatures (collateral kills)
  3 adders
  A gnoll (D:1)
  2 worms
  A leopard gecko (D:2)
  2 ball pythons (D:2)
  4 giant cockroaches
  7 goblins (D:3)
  6 hobgoblins
  5 jackals
  3 bats
  3 frilled lizards
  5 kobolds
  A rat (D:1)
43 creatures vanquished.

Vanquished Creatures (others)
  3 plants (D:3)
3 creatures vanquished.

Grand Total: 86 creatures vanquished

Notes
Turn   | Place    | Note
-------+----------+-------------------------------------------
     0 | D:1      | MisterOstroum the Formicid Summoner began the quest for the
                  | Orb.
     0 | D:1      | Reached XP level 1. HP: 13/13 MP: 3/3
    27 | D:1      | You fall into a shaft and drop 1 floor!
    67 | D:2      | Reached skill level 1 in Fighting
    67 | D:2      | Reached XP level 2. HP: 21/22 MP: 1/5
    70 | D:2      | Learned a level 2 spell: Call Imp
   189 | D:2      | Found an ornate altar of the Wu Jian Council.
   195 | D:2      | Reached XP level 3. HP: 18/27 MP: 6/6
   213 | D:2      | Learned a level 3 spell: Call Canine Familiar
   270 | D:2      | Found a shimmering blue altar of Sif Muna.
   411 | D:3      | Noticed Robin
   440 | D:3      | Killed Robin
   451 | D:3      | Reached XP level 4. HP: 10/33 MP: 1/7
   885 | D:2      | You fall into a shaft and drop 1 floor!
   934 | D:3      | Reached XP level 5. HP: 35/38 MP: 9/9
   960 | D:3      | Found a transporter.
   972 | D:3      | Found a hide-covered altar of Uskayaw.
  1034 | D:3      | Found a sparkling altar of Nemelex Xobeh.
  1051 | D:3      | Found a faded altar of an unknown god.
  1059 | D:3      | Noticed Natasha
  1074 | D:3      | Killed Natasha
  1075 | D:3      | Reached skill level 5 in Summonings
  1079 | D:3      | Became a worshipper of Gozag Ym Sagoz the Greedy
  1120 | D:3      | Found a transporter.
  1140 | D:3      | Noticed a kobold demonologist
  1167 | D:3      | Found a transporter.
  1207 | D:3      | Noticed a red devil
  1208 | D:3      | Noticed a hellwing
  1215 | D:3      | Slain by a hellwing

Illustrated notes

Levels and vault maps discovered:
D:1:      evilmike_arrival_rings, layout_loops_ring, minmay_door_square
D:2:      layout_loops_ring, lemuel_doored_altar, general_overflow_altar
D:3:      gammafunk_wand_slinger, layout_loops_ring,
          lemuel_coloured_pillars_altar, marbit_many_paths,
          chequers_ecumenical_altar_simple, portal_sewer_entry_e,
          gammafunk_ghost_mausoleum, uniq_natasha, uniq_ijyb, uniq_robin

Skill      XL: |  1  2  3  4  5 |
---------------+----------------+-----
Fighting       | 1 2 |  2.0
Dodging        | 2 |  2.6
Spellcasting   | 3 |  3.1
Summonings     | 5 |  5.2
Stealth        | |  2.4

Action                   |  1- 3 |  4- 6 || total
-------------------------+-------+-------++-------
Melee: Mace              |    48 |    25 ||    73
       Dagger            |    11 |    16 ||    27
       Unarmed           |     2 |       ||     2
       Halberd           |       |    26 ||    26
Throw: Stone             |       |     2 ||     2
 Cast: Summon Small Mamm |     2 |       ||     2
       Call Imp          |     7 |    20 ||    27
       Call Canine Famil |     2 |     1 ||     3
 Abil: Dig               |     6 |    10 ||    16
       Shaft Self        |     1 |     1 ||     2
Evoke: Wand              |       |     8 ||     8
  Use: Scroll            |     3 |     3 ||     6
       Potion            |     1 |       ||     1
 Stab: Sleeping          |     4 |     3 ||     7
Armor: Robe              |     6 |       ||     6
       Skin              |     2 |       ||     2
       Leather armour    |       |    11 ||    11
Dodge: Dodged            |    40 |    55 ||    95
